Unix NetHack Version 5.0.0-0 post-release - last build Jun 10 2026 00:39:30 (3ee93aec679c4c4259841fe613dc97188e26a321,branch:main).

Game began 2026-06-16 20:07:34, ended 2026-06-16 20:21:19.

Brudee, chaotic female human Rogue

    -----|-----
    |.........)
    |...<....d|
    |...`.(.@.|
    -----------

Brudee the Cutpurse     St:12 Dx:18 Co:16 In:11 Wi:10 Ch:7  Chaotic S:948
Dlvl:6  $:274 HP:0(30) Pw:14(14) AC:8  Xp:4/106 T:1152  Weak     Fly

Latest messages:
 The rothe bites!
 The rothe bites again!
 You see here an empty unlocked large box.
 Shaggy misses the rothe.
 Shaggy bites the gnome zombie.
 The gnome zombie is destroyed!
 A hill orc suddenly appears!
 A hill orc suddenly appears!
 A hill orc suddenly appears!
 A hill orc suddenly appears!
 A hill orc suddenly appears!
 Sting glimmers light blue!
 You fly down the stairs.
 Sting stops glimmering.
 You see here a chest.
 Hmmm, the chest turns out to be locked.
 Unlock it with your lock pick? [ynq] (q) y
 You succeed in picking the lock.
 D - a scroll labeled VENZAR BORGAVVE.
 r - 2 purple-red potions (3 in total).
 E - a glass wand.
 You are beginning to feel weak.
 F - a clear potion.
 There is nothing here to pick up.
 What do you want to use or apply? [eftwBE or ?*] ?
 A gnome suddenly appears close by!
 A gnome suddenly appears next to you!
 In what direction? l
 You throw 2 daggers.
 The 1st dagger hits the gnome.
 The 2nd dagger hits the gnome.
 In what direction? l
 You throw 2 daggers.
 The 1st dagger hits the gnome.
 You kill the gnome!
 The gnome picks up 4 +0 daggers.
 In what direction? o
 In what direction? u
 You kill the gnome!
 In what direction? u
 The dagger hits the dog.
 In what direction? u
 You throw 2 daggers.
 The 1st dagger hits the dog.
 The 2nd dagger hits the dog.
 The dog bites!
 The dog bites!
 You die...
 Do you want your possessions identified? [ynq] (y) y
 Do you want to see your attributes? [ynq] (y) q

Inventory:
 Coins    ('$')
  $ - 274 gold pieces
 Amulets  ('"')
  y - an uncursed amulet of flying (being worn)
 Weapons  (')')
  k - 8 +0 crossbow bolts
  b - a +0 dagger (alternate weapon; not wielded)
  j - a +0 dagger (at the ready)
  s - the +0 Sting (weapon in right hand)
  a - a +0 short sword
 Armor    ('[')
  c - an uncursed rotted +1 leather armor (being worn)
 Scrolls  ('?')
  z - a blessed scroll of create monster
  A - an uncursed scroll of create monster
  D - an uncursed scroll of enchant weapon
  C - an uncursed scroll of light
  q - an uncursed scroll of magic mapping
 Spellbooks  ('+')
  B - an uncursed spellbook of charm monster
 Potions  ('!')
  r - 3 uncursed potions of healing
  h - an uncursed potion of paralysis
  d - an uncursed potion of sickness
  F - a potion of holy water
 Wands    ('/')
  E - a wand of digging (0:4)
 Tools    ('(')
  f - an empty uncursed sack
  w - a cursed bag of tricks (0:15)
  e - an uncursed lock pick
  t - an uncursed tin whistle
 Gems/Stones  ('*')
  p - a cursed opal
  u - an uncursed worthless piece of blue glass
  v - an uncursed worthless piece of green glass
  i - an uncursed worthless piece of violet glass
  o - a cursed worthless piece of violet glass
  g - 2 uncursed worthless pieces of white glass

Brudee the Rogue's attributes:

Background:
 You were a Cutpurse, a level 4 female human Rogue.
 You were chaotic, on a mission for Kos
 who was opposed by Issek (lawful) and Mog (neutral).
 You were right-handed.
 You were in the Dungeons of Doom, on level 6.
 You entered the dungeon 1152 turns ago.
 There was a new moon in effect when your adventure ended.
 You had 106 experience points, 54 more were needed to attain level 5.
 Your score was 948 before end-of-game adjustments.

Basics:
 You had 0 out of 30 hit points.
 You had all 14 energy points (spell power).
 Your armor class was 8.
 Your wallet contained 274 zorkmids.
 Autopickup was on for '$!=+?/"' plus thrown.

Final Characteristics:
 Your strength was 12 (base:13, limit:18/100).
 Your dexterity was 18 (limit:18).
 Your constitution was 16 (limit:18).
 Your intelligence was 11 (limit:18).
 Your wisdom was 10 (limit:18).
 Your charisma was 7 (limit:18).

Final Status:
 You were flying.
 You were weak from severe hunger.
 You were unencumbered.
 You were wielding a dagger.
 You had basic skill with dagger.

Final Attributes:
 You were devoutly aligned.
 You were poison resistant.
 You were aware of the presence of orcs.
 You were stealthy.
 You were warded.
 You are dead.

Miscellaneous:
 You didn't encounter any bones levels.
 Total elapsed playing time was 13 minutes and 44 seconds.

Major events:
 Turn
    1: Brudee the chaotic female human Rogue entered the dungeon
  563: became literate by naming Sting
  610: attained the rank of Cutpurse (level 3)
 1152: killed by a dog

You didn't know any spells.

Skills:
 Fighting Skills
   bare handed combat [Unskilled]
   two weapon combat  [Unskilled]
   riding             [Unskilled]
 Weapon Skills
   dagger             [Basic]
   knife              [Unskilled]
   short sword        [Basic]
   broadsword         [Unskilled]
   long sword         [Unskilled]
   two-handed sword   [Unskilled]
   saber              [Unskilled]
   club               [Unskilled]
   mace               [Unskilled]
   morning star       [Unskilled]
   flail              [Unskilled]
   hammer             [Unskilled]
   polearms           [Unskilled]
   spear              [Unskilled]
   crossbow           [Unskilled]
   dart               [Unskilled]
   shuriken           [Unskilled]
 Spellcasting Skills
   divination spells  [Unskilled]
   escape spells      [Unskilled]
   matter spells      [Unskilled]

Voluntary challenges:
 Character rerolling was not enabled.
 You never genocided any monsters.
 You never polymorphed an object.
 You never changed form.
 You used no wishes.
Achievements:
 You attained the rank of Cutpurse.
 You entered a shop.

 The Dungeons of Doom: levels 1 to 6
    Level 1:
    Level 2:
       An altar, a fountain.
    Level 3:
       A general store.
    Level 4:
    Level 5:
    Level 6: <- You were here.
       Final resting place for
          you, killed by a dog.


Vanquished creatures:
  a brown pudding
  a shrieker
  2 gray oozes
  a kitten
  a rabid rat
  a giant bat
  a gas spore
  2 hobbits
  4 manes
  3 giant rats
  a yellow mold
  2 gnomes
  2 gnome zombies
  4 jackals
  2 foxes
  a kobold
  2 goblins
  4 sewer rats
  2 grid bugs
  a lichen
  3 kobold zombies
  2 newts
43 creatures vanquished.

No species were genocided or became extinct.

Game over:
                       ----------
                      /          \
                     /    REST    \
                    /      IN      \
                   /     PEACE      \
                  /                  \
                  |      Brudee      |
                  |      274 Au      |
                  | killed by a dog  |
                  |                  |
                  |                  |
                  |                  |
                  |       2026       |
                 *|     *  *  *      | *
        _________)/\\_//(\/(/\)/\//\/|_)_______

Goodbye Brudee the Rogue...

You died in The Dungeons of Doom on dungeon level 6 with 921 points,
and 274 pieces of gold, after 1152 moves.
You were level 4 with a maximum of 30 hit points when you died.

